 Dungeon Crawl Stone Soup version 0.18-a0-1014-g3bbf375 (webtiles) character file.

1016 Ijustatesigmund the Cudgeler (level 8, -2/60 HPs)
             Began as a Demonspawn Abyssal Knight on Jan 6, 2016.
             Was a Priest of Lugonu.
             Splashed by a jelly's acid (5 damage)
             ... on level 5 of the Dungeon.
             The game lasted 00:17:08 (5690 turns).

Ijustatesigmund the Cudgeler (DsAK)                 Turns: 5690, Time: 00:17:08

Health: -2/60      AC: -8    Str: 12    XL:     8   Next: 1%
Magic:  11/11      EV: 11    Int: 15    God:    Lugonu [***...]
Gold:   234        SH:  7    Dex: 14    Spells: 0 memorised, 7 levels left

rFire  . . .     SeeInvis .     q - +0 flail
rCold  . . .     Gourm    .     f - +1 chain mail {MR+}
rNeg   . . .     Faith    .     n - +2 buckler
rPois  .         Spirit   .     (helmet restricted)
rElec  .         Dismiss  .     (no cloak)
rCorr  .         Reflect  .     (no gloves)
SustAt .         Harm     .     e - +1 pair of boots
MR     +....                    (no amulet)
Stlth  ..........               (no ring)
                                j - +6 ring of evasion

@: corroded equipment, somewhat resistant to hostile enchantments, extremely
unstealthy
A: horns 1, slimy green scales 2, powered by death 1
a: Depart the Abyss, Bend Space, Banish, Renounce Religion


You were on level 5 of the Dungeon.
You worshipped Lugonu.
Lugonu was most pleased with you.
You were not hungry.

You visited 1 branch of the dungeon, and saw 5 of its levels.
You visited the Abyss 1 time.

You collected 234 gold pieces.

Inventory:

Hand Weapons
 q - a +0 flail (weapon)
Missiles
 o - 5 javelins (quivered)
Armour
 b - a +0 leather armour
 e - a +1 pair of boots (worn)
 f - a +1 chain mail of magic resistance (worn)
 n - a +2 buckler (worn)
Jewellery
 j - a +6 ring of evasion (left hand)
Scrolls
 i - a scroll of immolation
 k - a scroll of amnesia
 l - a scroll of blinking
 m - 2 scrolls of fog
 p - a scroll of identify
Potions
 a - 2 potions of magic
 d - a potion of mutation {unknown}
 h - a potion of lignification
Comestibles
 c - 2 bread rations
 g - 2 meat rations


   Skills:
 - Level 4.0 Fighting
 + Level 5.8 Maces & Flails
 + Level 4.5 Armour
 - Level 0.8 Dodging
 - Level 3.0 Shields
 - Level 4.2 Invocations


You had 7 spell levels left.
You didn't know any spells.

Dungeon Overview and Level Annotations

Branches:
Dungeon (5/15)             Temple (0/1) D:4

Altars:
Fedhas
Gozag
Nemelex Xobeh
Pakellas
Qazlal
Ru
Sif Muna
Xom
Zin

Shops:
D:4 (

Annotations:
D:3 Robin


Innate Abilities, Weirdness & Mutations

You have a pair of small horns on your head.
You are mostly covered in slimy green scales (AC +3).
You regenerate a little health from kills.


Message History

The jelly is moderately wounded.
The jelly closely misses you.
You hit the jelly but do no damage.
Your hands burn!
The jelly is moderately wounded.
The jelly hits you.
You are splashed with acid!
The acid burns!
Your chain mail prevents you from hitting the jelly.
The jelly is moderately wounded.
The jelly hits you.
You are splashed with acid!
The acid burns!
You hit the jelly. The acid corrodes you!
Your hands burn!
* * * LOW HITPOINT WARNING * * *
You headbutt the jelly.
The jelly is severely wounded.
The jelly hits you.
* * * LOW HITPOINT WARNING * * *
You are splashed with acid!
The acid burns!
* * * LOW HITPOINT WARNING * * *
The jelly hits you.
* * * LOW HITPOINT WARNING * * *
You are splashed with acid!
The acid corrodes you!
The acid burns!
You die...

...#.#.# #...###'#####
####<#.####...# #.# ##### ####
.....#........###.######...###...
...........................+.....
####.#######.#####.####....###...
.....# #.# #.## #....# #...
############.#####..###....# #...
................##....# #... ###
#######...J@....##.#########
..##################.##..........
..'..............................
..##################.##..........
..# #..#.......... ..####
##.#.......... .....+
#.#.######### ###### #.#.# #.#.#


You could see a jelly.

Vanquished Creatures
  Sigmund (D:3)
  2 ice beasts (D:5)
  An ogre (D:4)
  The ghost of Chiseanne the Magician, an amateur DsWz (D:3)
  A crocodile (D:4)
  A scorpion (D:4)
  A giant frog skeleton (D:4)
  A jelly (D:5)
  An orc priest (D:3)
  An iguana (D:4)
  An orc wizard (D:4)
  Ijyb (D:2)
  2 worker ants
  3 adders
  An ooze (D:3)
  4 adder skeletons
  3 worms (D:2)
  2 giant geckos (D:3)
  15 orcs
  3 bats
  4 giant cockroaches
  18 goblins
  15 hobgoblins
  6 jackals (D:3)
  2 quokkas
  2 ball pythons (D:3)
  4 giant newts
  7 kobolds
  8 rats
112 creatures vanquished.

Notes
Turn   | Place    | Note
--------------------------------------------------------------
     0 | Abyss:1  | Ijustatesigmund the Demonspawn Abyssal Knight began the quest for the Orb.
     0 | Abyss:1  | Reached XP level 1. HP: 18/18 MP: 2/2
    12 | D:1      | Escaped the Abyss
   498 | D:1      | Gained mutation: You are partially covered in slimy green scales (AC +2). [demonic ancestry]
   498 | D:1      | Reached XP level 2. HP: 21/24 MP: 3/3
  1051 | D:2      | Found a stormy altar of Qazlal.
  1056 | D:2      | Reached XP level 3. HP: 21/29 MP: 5/5
  1204 | D:2      | Found a shimmering altar of Xom.
  1204 | D:2      | Found a deep blue altar of Sif Muna.
  1234 | D:2      | Reached ** piety under Lugonu
  1600 | D:2      | Found a sacrificial altar of Ru.
  1726 | D:2      | Noticed Ijyb
  1729 | D:2      | Found a faded altar to an unknown god.
  1795 | D:2      | Killed Ijyb
  1795 | D:2      | Reached XP level 4. HP: 20/35 MP: 6/6
  2296 | D:3      | Found an oddly glowing altar of Pakellas.
  2354 | D:3      | Found a blossoming altar of Fedhas.
  2369 | D:3      | Reached skill level 1 in Shields
  2382 | D:3      | Noticed Robin
  2442 | D:3      | Noticed Chiseanne's ghost (amateur DsWz)
  2718 | D:4      | Reached *** piety under Lugonu
  3088 | D:3      | Found a sparkling altar of Nemelex Xobeh.
  3117 | D:3      | Gained mutation: You are mostly covered in slimy green scales (AC +3). [demonic ancestry]
  3117 | D:3      | Reached XP level 5. HP: 36/41 MP: 7/7
  3123 | D:3      | Noticed Sigmund
  3187 | D:3      | Found a glowing silver altar of Zin.
  3393 | D:4      | Noticed an ogre
  3417 | D:5      | Entered Level 5 of the Dungeon
  3664 | D:4      | Noticed a crocodile
  3685 | D:4      | Killed a crocodile
  3685 | D:4      | Reached skill level 4 in Fighting
  3907 | D:4      | Killed an ogre
  3907 | D:4      | Gained mutation: You regenerate a little health from kills. [demonic ancestry]
  3907 | D:4      | Reached XP level 6. HP: 37/48 MP: 9/9
  4061 | D:4      | Found Geirr's Antique Weapon Shop.
  4332 | D:4      | Found a staircase to the Ecumenical Temple.
  4393 | D:3      | Killed Chiseanne's ghost
  4393 | D:3      | Gained mutation: You have a pair of small horns on your head. [demonic ancestry]
  4393 | D:3      | Reached XP level 7. HP: 43/54 MP: 10/10
  4597 | D:3      | Killed Sigmund
  4597 | D:3      | Reached skill level 5 in Maces & Flails
  5396 | D:5      | Reached XP level 8. HP: 53/60 MP: 11/11
  5546 | D:5      | Found an opulent altar of Gozag.
  5690 | D:5      | HP: 3/60 [jelly (3)]
  5690 | D:5      | Splashed by a jelly's acid

Vault maps used:
D:1:      lordsloth_arrival_two_stooges
D:2:      gammafunk_temple_overflow_forgotten, nicolae_ru_the_path_less_chosen,
          ecumenical_altar_1, minivault_27, uniq_iyjb
D:3:      lemuel_doored_altar, nicolae_overflow_hidden_temple,
          marbit_many_paths, lemuel_round_altar, uniq_robin, uniq_sigmund
D:4:      temple_green, first_bread, serial_shops, nicolae_shop_crystal,
          hangedman_decor_opposing
D:5:      lemuel_coloured_pillars_altar, basic_altar, kennysheep_generic_room_3

Action                   |  1- 3 |  4- 6 |  7- 9 || total
-------------------------+-------+-------+-------++-------
Melee: Mace              |   146 |    28 |       ||   174
       Flail             |       |   214 |   141 ||   355
Throw: Javelin           |       |     1 |     3 ||     4
Invok: Bend Space        |     2 |     1 |       ||     3
  Use: Scroll            |     6 |     3 |     1 ||    10
       Potion            |     4 |     2 |       ||     6
  Eat: Chunk             |     3 |     5 |     3 ||    11
       Pizza             |       |     1 |       ||     1
       Beef jerky        |       |     1 |       ||     1
       Bread ration      |       |       |     1 ||     1
